 Dungeon Crawl Stone Soup version 0.31-a0-965-g8a8ce12e04 (webtiles) character file.

Game seed: 794504975468907449

31020 gelatine the Grappler (level 13, -15/124 HPs)
             Began as a Troll Shapeshifter on Oct 26, 2023.
             Demolished by a red devil
             ... wielding a +0 vampiric trident
             ... summoned by an obsidian statue
              (17 damage)
             ... on level 1 of the Lair of Beasts.
             The game lasted 00:37:14 (11247 turns).

gelatine the Grappler (Troll Shapeshifter)         Turns: 11247, Time: 00:37:15

Health: -15/124    AC: 10    Str: 35    XL:     13   Next: 23%
Magic:  0/15       EV: 11    Int:  6    God:
Gold:   714        SH:  0    Dex:  9    Spells: 16/16 levels left

rFire   . .          .
                       - Unarmed
rCold   . . .        u - melded +0 tower shield
rNeg    . . .        U - +0 swamp dragon scales
rPois   +            (helmet restricted)
rElec   .            Q - +0 cloak
rCorr   .            (gloves unavailable)
SInv    .            (boots unavailable)
Will    .....        j - amulet of guardian spirit
Stlth   +            l - ring of poison resistance
HPRegen 1.20/turn    s - +6 ring of strength
MPRegen 0.14/turn

%: guardian spirit
@: about to teleport, flux-form, spiked, glowing
A: glow, contaminating, large, unfitting armour, claws 3, regeneration 1, shaggy
fur 1, tough skin 1
a: Begin Untransformation


You were on level 1 of the Lair of Beasts.
You were something dangerously unstable.
You visited 3 branches of the dungeon, and saw 12 of its levels.
You also visited: Sewer and Bailey.

You collected 846 gold pieces.
You spent 132 gold pieces at shops.

Inventory:

Hand Weapons
 t - the +9 spear of Focus {flame, Str+7}
   (You found it on level 3 of the Dungeon)

   Str+7:     It affects your strength (+7).
 D - a +6 broad axe
Missiles
 a - 3 curare-tipped darts
 x - 3 silver javelins
 S - 2 atropa-tipped darts
 W - 4 large rocks
Armour
 u - a +0 tower shield (melded)
 L - +0 steam dragon scales
 P - a +2 robe of positive energy
 Q - a +0 cloak (worn)
 U - +0 swamp dragon scales (worn)
 V - a +2 robe of cold resistance
Magical Staves
 A - a staff of death
Jewellery
 j - an amulet of guardian spirit (around neck)
 l - a ring of poison resistance (left claw)
 n - a +6 ring of intelligence
 q - a ring of ice
 s - a +6 ring of strength (right claw)
 w - a +6 ring of dexterity
 z - a ring of wizardry
 G - a ring of positive energy
 X - a ring of see invisible
 Y - a ring of resist corrosion
Talismans
 c - a beast talisman
 d - a flux talisman (active)
 Z - a maw talisman
Wands
 p - a wand of flame (45)
 r - a wand of quicksilver (4)
 F - a wand of charming (20)
 N - a wand of digging (6)
Scrolls
 e - a scroll of amnesia
 g - 8 scrolls of teleportation
 v - 3 scrolls of fog
 y - 2 scrolls of enchant weapon
 B - 3 scrolls of revelation
 C - 3 scrolls of blinking
 M - 2 scrolls of enchant armour {unknown}
 R - 2 scrolls of poison
Potions
 b - 2 potions of lignification
 f - a potion of resistance
 h - 2 potions of cancellation
 i - 3 potions of heal wounds
 k - 2 potions of curing
 m - 4 potions of brilliance
 o - 5 potions of mutation
 E - a potion of enlightenment
 H - 3 potions of might {unknown}
 I - 3 potions of magic {unknown}
 J - 2 potions of haste {unknown}
 K - a potion of attraction {unknown}
 T - 2 potions of berserk rage {unknown}


   Skills:
 * Level 7.0 Fighting
 + Level 0.7 Polearms
 + Level 4.2 Throwing
 * Level 2.3 Armour
 * Level 7.6 Dodging
 + Level 2.6 Stealth
 + Level 5.8 Shields
 * Level 12.7 Unarmed Combat
 + Level 2.0 Spellcasting
 + Level 3.1 Evocations
 * Level 8.3 Shapeshifting


You had 16 spell levels left.
You didn't know any spells.
Your spell library contained the following spells:

 Spells                   Type           Power      Damage    Failure   Level
 Freeze                   Ice            0%         1d3       50%         1
 Necrotise                Necr           0%         1d4       50%         1
 Slow                     Hex            0%         N/A       50%         1
 Ensorcelled Hibernation  Hex/Ice        0%         N/A       63%         2
 Jinxbite                 Hex            0%         N/A       63%         2
 Poisonous Vapours        Pois/Air       0%         N/A       63%         2
 Call Canine Familiar     Summ           0%         N/A       86%         3
 Confusing Touch          Hex            0%         N/A       86%         3
 Frozen Ramparts          Ice            0%         1d1       86%         3
 Hailstorm                Conj/Ice       0%         3d3       86%         3
 Mephitic Cloud           Conj/Pois/Air  0%         N/A       86%         3
 Sigil of Binding         Hex            0%         N/A       86%         3
 Vampiric Draining        Necr           0%         2d6       86%         3
 Anguish                  Hex/Necr       0%         N/A       99%         4
 Dimensional Bullseye     Hex/Tloc       0%         N/A       99%         4
 Leda's Liquefaction      Hex/Erth       0%         N/A       99%         4
 Agony                    Necr           0%         N/A       100%        5
 Freezing Cloud           Conj/Ice/Air   0%         6-21      100%        5


Dungeon Overview and Level Annotations

Branches:
Dungeon (10/15)            Temple (1/1) D:7            Lair (1/5) D:10
    Orc (0/2) D:9           Sewer (visited)          Bailey (visited)

Altars:
Ashenzari
Cheibriados
Dithmenos
Elyvilon
Fedhas
Gozag
Hepliaklqana
Kikubaaqudgha
Makhleb
Nemelex Xobeh
Okawaru
Qazlal
Ru
Sif Muna
Trog
Uskayaw
Vehumet
Wu Jian
Xom
Yredelemnul
Zin
The Shining One

Shops:
D:2 (   D:7 !

Portals:
Abyss: D:4

Annotations:
D:4 2 transporters, awesomeguy42's ghost, amateur HuNe
Lair:1 exclusion: obsidian statue


Innate Abilities, Weirdness & Mutations

You are something dangerously unstable.
You glow with magical radiation, making you easy to see and hit.
Foes you strike become dangerously contaminated with magical radiation.
You are incapable of wielding weapons or throwing items.
You are too large for most types of armour.
You have claws for hands.
Your natural rate of healing is unusually fast.
You are covered in fur. (AC +1)
You have tough skin. (AC +1)


Message History

The obsidian statue slips into the dungeon's darkness for a moment.
The obsidian statue's eyes glow briefly.
The ice devil hits you. The ice devil freezes you!!
* * * LOW HITPOINT WARNING * * *
You scratch the obsidian statue but do no damage.
The obsidian statue begins to glow.
The obsidian statue is heavily damaged.
The white imp gestures at you. The puff of frost hits you.
* * * LOW HITPOINT WARNING * * *
The red devil hits you but does no damage.
The orange demon stings you but does no damage.
The orange demon hits you but does no damage.
You feel much better. The ice devil hits you. The ice devil freezes you!
The red devil hits you from afar with a +0 vampiric trident!
* * * LOW HITPOINT WARNING * * *
Barbed spikes become lodged in your body.
The orange demon stings you.
* * * LOW HITPOINT WARNING * * *
The orange demon hits you but does no damage.
The white imp gestures at you. The puff of frost hits you.
* * * LOW HITPOINT WARNING * * *
You feel much better. The ice devil hits you! The ice devil freezes you!!
* * * LOW HITPOINT WARNING * * *
The red devil hits you from afar with a +0 vampiric trident.
* * * LOW HITPOINT WARNING * * *
Barbed spikes become lodged in your body.
The white imp hits you but does no damage.
The orange demon stings you but does no damage.
The orange demon hits you but does no damage.
As you read the scroll of teleportation, it crumbles to dust.
You feel strangely unstable.
You break out of your daze.
The ice devil hits you.
* * * LOW HITPOINT WARNING * * *
The ice devil freezes you!
* * * LOW HITPOINT WARNING * * *
The red devil hits you from afar with a +0 vampiric trident!
You die...

#≈≈≈##
#.........
#≈≈≈#
#.........
#≈≈≈##
#......<..
##≈≈≈#
#.........
#≈≈≈##
#.........
##≈≈≈###
#.........
#≈4≈≈≈##
#....#####
##~≈5≈≈##
#.....# #
##p45≈≈#
#.....#
#84~=:#
#.....#
##..))#
#....##
*#.==#
#....#
*####
######


You could see an obsidian statue (contam), an orange demon (summoned), an ice
devil (summoned), a red devil (summoned), a white imp (summoned) and a shadow
imp (summoned).

Vanquished Creatures
  An orc warlord (Bailey)
  Fannar (D:10)
  2 two-headed ogres
  An orc knight (Bailey)
  A deep elf pyromancer (D:10)
  Joseph (D:8)
  A black mamba (Lair:1)
  A torpor snail (Lair:1)
  Jeremiah (D:8)
  A komodo dragon (Lair:1)
  2 cane toads (Lair:1)
  A rime drake (Lair:1)
  Maggie (D:10)
  A polar bear (Lair:1)
  A shadow (D:9)
  A wraith (D:9)
  16 yaks
  6 wyverns
  3 steam dragons
  10 water moccasins
  12 orc warriors
  5 ice beasts
  2 sky beasts
  2 ogres (D:7)
  3 centaurs
  8 wolves
  6 kobold brigands
  6 bullfrogs
  4 scorpions
  2 gnoll sergeants
  11 wights
  12 killer bees (D:9)
  4 howler monkeys
  2 hounds
  3 jellies
  A gnoll bouda (D:5)
  5 orc priests
  Ijyb (D:3)
  11 orc wizards
  2 sleepcaps
  Natasha (thrice) (D:2)
  4 iguanas
  17 gnolls
  11 adders
  A river rat (D:5)
  2 shadow imps
  3 white imps
  4 worms
  3 dart slugs
  36 orcs
  14 ball pythons
  5 endoplasms
  15 giant cockroaches
  27 goblins
  17 hobgoblins
  6 jackals
  9 quokkas
  6 bats
  11 frilled lizards
  50 kobolds
  8 rats
407 creatures vanquished.

Notes
Turn   | Place    | Note
-------+----------+-------------------------------------------
     0 | D:1      | gelatine the Troll Shapeshifter began the quest for the
                  | Orb.
     0 | D:1      | Reached XP level 1. HP: 18/18 MP: 0/0
    70 | D:1      | Reached XP level 2. HP: 24/26 MP: 1/1
   377 | D:1      | Reached skill level 1 in Fighting
   377 | D:1      | Reached XP level 3. HP: 27/33 MP: 2/2
   989 | D:2      | Noticed Natasha
   994 | D:2      | Killed Natasha
   995 | D:2      | Reached XP level 4. HP: 40/41 MP: 3/3
  1129 | D:2      | Found Wyadgheew's Weapon Emporium.
  1133 | D:2      | Noticed Natasha
  1141 | D:2      | Killed Natasha
  1142 | D:2      | Reached skill level 4 in Unarmed Combat
  1163 | D:2      | Bought 6 large rocks for 90 gold pieces
  1279 | D:2      | Noticed Natasha
  1290 | D:2      | Killed Natasha
  2144 | D:3      | Reached XP level 5. HP: 49/49 MP: 2/4
  2223 | D:3      | Noticed Ijyb
  2235 | D:3      | Killed Ijyb
  2263 | D:3      | Identified the +9 spear of Focus {flame, Str+7}
  2570 | D:3      | Found a hazy altar of Hepliaklqana.
  2600 | D:3      | Found a sacrificial altar of Ru.
  2965 | D:4      | Found a transporter.
  3216 | D:4      | Reached XP level 6. HP: 57/57 MP: 5/5
  3280 | D:4      | Reached skill level 5 in Unarmed Combat
  3371 | D:4      | Noticed a small abomination
  3386 | D:4      | Reached skill level 5 in Dodging
  3386 | D:4      | Reached skill level 7 in Unarmed Combat
  3386 | D:4      | Reached XP level 7. HP: 71/71 MP: 5/9
  3485 | D:4      | Found a one-way gate to the infinite horrors of the Abyss.
  3485 | D:4      | Noticed awesomeguy42's ghost (amateur HuNe)
  3512 | D:4      | Found a transporter.
  3684 | D:5      | Entered Level 5 of the Dungeon
  3770 | D:5      | Found a glowing silver altar of Zin.
  3773 | D:5      | Found a glowing golden altar of the Shining One.
  3776 | D:5      | Found a snail-covered altar of Cheibriados.
  3964 | D:5      | Reached XP level 8. HP: 79/79 MP: 10/10
  4088 | D:5      | Found a glowing drain.
  4097 | Sewer    | Entered a sewer
  4328 | Sewer    | Reached skill level 1 in Shields
  4638 | D:5      | Found a shimmering altar of Xom.
  4996 | D:6      | Reached skill level 8 in Unarmed Combat
  5221 | D:6      | Reached XP level 9. HP: 78/87 MP: 11/11
  5376 | D:7      | Found a staircase to the Ecumenical Temple.
  5502 | D:7      | Found Kisaoso's Distillery.
  5512 | D:7      | Bought a potion of curing for 42 gold pieces
  5837 | D:7      | Reached skill level 5 in Fighting
  6316 | D:8      | Reached skill level 9 in Unarmed Combat
  6442 | D:8      | Reached XP level 10. HP: 96/96 MP: 12/12
  6629 | D:8      | Noticed Joseph
  6636 | D:8      | Killed Joseph
  6682 | D:8      | Noticed Jeremiah
  6699 | D:8      | Killed Jeremiah
  7077 | D:8      | Found an iron altar of Okawaru.
  7433 | D:9      | Reached skill level 10 in Unarmed Combat
  7466 | D:9      | Noticed a two-headed ogre
  7469 | D:9      | Killed a two-headed ogre
  7517 | D:9      | Found a staircase to the Orcish Mines.
  7522 | D:9      | Found a hide-covered altar of Uskayaw.
  7739 | D:9      | Found a shimmering blue altar of Sif Muna.
  7794 | D:9      | Found an opulent altar of Gozag.
  8005 | D:9      | Found a bloodstained altar of Trog.
  8011 | D:9      | Reached XP level 11. HP: 105/105 MP: 11/13
  8547 | Temple   | Entered the Ecumenical Temple
  8593 | D:10     | Entered Level 10 of the Dungeon
  8625 | D:10     | Found a staircase to the Lair.
  8629 | D:10     | Noticed Maggie
  8811 | D:10     | Found a flagged portal.
  8829 | Bailey   | Entered a bailey
  9069 | Bailey   | Noticed an orc knight
  9077 | Bailey   | Killed an orc knight
  9135 | Bailey   | Noticed an orc warlord
  9156 | Bailey   | Killed an orc warlord
  9157 | Bailey   | Reached skill level 5 in Shields
  9157 | Bailey   | Reached skill level 11 in Unarmed Combat
  9282 | Bailey   | Identified the +5 pair of gloves of Somewhere Else {Str+4
                  | Int+4}
  9389 | D:10     | Noticed a deep elf pyromancer
  9396 | D:10     | Killed a deep elf pyromancer
  9463 | D:10     | Noticed a two-headed ogre
  9470 | D:10     | Killed a two-headed ogre
  9476 | D:10     | Killed Maggie
  9607 | D:10     | Found a shadowy altar of Dithmenos.
  9765 | D:10     | Noticed Fannar
  9776 | D:10     | Killed Fannar
  9998 | D:12     | Identified the "Remupnez"
  9998 | Lair:1   | Identified the "Ixysash"
  9998 | Lair:1   | Entered Level 1 of the Lair of Beasts
 10253 | Lair:1   | Reached XP level 12. HP: 24/114 MP: 6/14
 10589 | Lair:1   | Reached skill level 12 in Unarmed Combat
 11186 | Lair:1   | Reached XP level 13. HP: 124/124 MP: 15/15
 11247 | Lair:1   | HP: 2/124 [ice devil[an obsidian statue] (12)]
 11247 | Lair:1   | Demolished by a red devil

Illustrated notes

Levels and vault maps discovered:
D:1:      scummos_arrival_forest, layout_loops_ring, minmay_split_cup_small
D:2:      layout_basic, serial_shops, shop, uniq_natasha
D:3:      kennysheep_goblin_castle, layout_loops_corners,
          nicolae_ru_path_of_blood, worldfamousw_hep_ancestral_shrine,
          minmay_strange_pillars, chequers_serial_rivers_small_3
D:4:      layout_loops_cross, gammafunk_ghost_abyssal_escape
D:5:      layout_loops_ring, grunt_temple_overflow_diamond, lemuel_tele_altar,
          gup_sewer_entry_bubbles, minmay_holes, minivault_25,
          ebering_dispersal_statue_hall, minmay_circle_x
D:6:      layout_rooms
D:7:      minmay_recursive_quarters, layout_basic, minmay_temple_entry_trees,
          serial_shops, nicolae_shop_hallway_plus
D:8:      layout_gridville, marbit_many_paths, uniq_jeremiah, uniq_joseph
D:9:      kennysheep_kobold_camp, layout_loops_ring,
          mainiacjoe_overflow_24_doors, mainiacjoe_overflow_brackets,
          trog_butcher_becter, led_sif_pool, orc_0_dummy,
          minmay_misc_feat_encased, hangedman_glass_teeth,
          nicolae_twisty_statue_hallways
D:10:     layout_loops_ring, nicolae_dithmenos_the_darkroom,
          minmay_lair_entry_grove, lightli_bailey_entry_fortress,
          hangedman_decor_growths, uniq_fannar, uniq_maggie
Temple:   nicolae_temple_ecumenical_triangle
Lair:1:   statuecave_lemuel, layout_regular_city

Skill      XL: |  1  2  3  4  5  6  7  8  9 10 11 12 |
---------------+-------------------------------------+-----
Fighting       | 1 4 5 6 7 |  7.0
Unarmed Combat | 4 7 8 9 10 11 12 | 12.7
Dodging        | 2 5 6 7 |  7.6
Throwing       | 3 4 |  4.2
Stealth        | 2 |  2.6
Spellcasting   | 2 |  2.0
Evocations     | 2 3 |  3.1
Shapeshifting  | 6 7 8 |  8.3
Shields        | 1 3 4 5 |  5.8
Armour         | 2 |  2.3
Polearms       | |  0.7

Action                     |  1- 3 |  4- 6 |  7- 9 | 10-12 | 13-15 || total
---------------------------+-------+-------+-------+-------+-------++-------
  Melee: Unarmed           |    69 |   112 |   276 |   516 |     7 ||   980
         Punch             |     1 |     4 |       |       |       ||     5
         Spear             |       |    28 |       |       |       ||    28
  Throw: Large rock        |       |     9 |    21 |    35 |       ||    65
    Use: Scroll            |       |     9 |     3 |     8 |     2 ||    22
         Potion            |       |     1 |       |     4 |     3 ||     8
   Stab: Sleeping          |       |     2 |     2 |     1 |       ||     5
         Distracted        |       |     1 |       |       |       ||     1
 Armour: Animal skin       |    39 |   134 |   112 |       |       ||   285
         Steam dragon scal |       |       |    69 |   320 |       ||   389
         Skin              |       |       |     1 |       |       ||     1
         Swamp dragon scal |       |       |       |       |    37 ||    37
  Dodge: Dodged            |    25 |    93 |    81 |   198 |     6 ||   403
  Block: Tower shield      |       |       |   142 |   275 |       ||   417
   Form: Flux              |       |       |       |     1 |       ||     1

Table legend: (Time is in decaauts)
 A = Elapsed time spent in this place.
 B = Non-inter-level travel time spent in this place.
 C = Inter-level travel time spent in this place.
 D = Time resting spent in this place.
 E = Time spent auto-exploring this place.
 F = Levels seen in this place.
 G = Mean time per level.
                   A        B        C        D        E       F      G
               +--------+--------+--------+--------+--------+-----+--------+
         Total |  11329 |  10305 |   1024 |      0 |   7420 |  14 |  809.2 |
       Dungeon |   9138 |   8157 |    981 |      0 |   6034 |  10 |  913.8 |
        Temple |      1 |      0 |      1 |      0 |      0 |   1 |    1.0 |
          Lair |   1237 |   1196 |     41 |      0 |    902 |   1 | 1237.0 |
         Sewer |    456 |    456 |      0 |      0 |    245 |   1 |  456.0 |
        Bailey |    494 |    494 |      0 |      0 |    239 |   1 |  494.0 |
               +--------+--------+--------+--------+--------+-----+--------+

Top non-repeatable levels by time:
     D:9: 1409 daAuts
     D:2: 1274 daAuts
  Lair:1: 1237 daAuts
     D:3: 1049 daAuts
     D:8: 1000 daAuts
     D:7: 973 daAuts
    D:10: 861 daAuts
     D:5: 833 daAuts
     D:4: 714 daAuts
     D:1: 657 daAuts
  Bailey: 494 daAuts
   Sewer: 456 daAuts
     D:6: 365 daAuts
  Temple: 1 daAuts
